 Dungeon Crawl Stone Soup version 0.22-a0-284-g99d1f74 (webtiles) character file.

288598 Amnesiac the Fighter (level 20, -37/127 HPs)
             Began as a Deep Elf Wizard on Mar 20, 2018.
             Was a Priest of Sif Muna.
             Annihilated by an acid blob (40 damage)
             ... created by the Royal Jelly
             ... on level 5 of the Pits of Slime on Mar 21, 2018.
             The game lasted 02:00:09 (48542 turns).

Amnesiac the Fighter (Deep Elf Wizard)             Turns: 48542, Time: 02:00:09

Health: -37/127    AC: 11    Str:  6    XL:     20   Next: 53%
Magic:  14/38      EV: 30    Int: 41    God:    Sif Muna [***...]
Gold:   2569       SH: 18    Dex: 21    Spells: 3/44 levels left

rFire    + + +     SeeInvis .   a - staff of conjuration
rCold    + . .     Gourm    .   n - +2 shield {rC+ rF+}
rNeg     . . .     Faith    .   k - +2 robe {rC+ rF+}
rPois    .         Spirit   .   Y - +2 helmet {Int+3}
rElec    .         Reflect  +   (no cloak)
rCorr    +         Harm     .   H - +2 pair of gloves {Dex+3}
MR       ++...     Clarity  +   O - +0 pair of boots
Stlth    +++.......             Z - +3 amulet of reflection
HPRegen  0.31/turn              B - ring of fire
MPRegen  0.26/turn              e - ring of resist corrosion

@: brilliant, agile, studying Armour, divine energy
A: blurry vision 1, clarity, mutation resistance 1, strong 1, sturdy frame 1
a: Stop Divine Energy, Channel Magic, Renounce Religion


You were on level 5 of the Pits of Slime.
You worshipped Sif Muna.
Sif Muna was most pleased with you.
You were very hungry.

You visited 6 branches of the dungeon, and saw 32 of its levels.
You visited the Abyss 1 time.
You also visited: Wizlab.

You collected 3928 gold pieces.
You spent 1359 gold pieces at shops.

Inventory:

Hand Weapons
 b - a +2 blowgun
 l - the +9 staff of Wucad Mu {channel}
   (You found it in a wizard's laboratory)
Missiles
 K - 15 curare-tipped needles
Armour
 k - a +2 robe of resistance (worn)
 n - a +2 shield of resistance (worn)
 H - a +2 pair of gloves of dexterity (worn)
 O - a +0 pair of boots (worn)
 Y - a +2 helmet of intelligence (worn)
Magical Staves
 a - an uncursed staff of conjuration (weapon)
Jewellery
 e - a ring of resist corrosion (right hand)
 B - a ring of fire (left hand)
 T - an uncursed ring of wizardry
 X - an uncursed ring of ice
 Z - a +3 amulet of reflection (around neck)
Wands
 F - a wand of digging (48)
Scrolls
 g - a scroll of holy word {!r}
 h - 5 scrolls of identify {!r}
 j - a scroll of enchant armour {!r}
 m - 6 scrolls of magic mapping {!r}
 o - 14 scrolls of remove curse {!r}
 w - 4 scrolls of fog {!r}
 x - 9 scrolls of teleportation {!r}
 G - a scroll of summoning {!r}
 M - a scroll of fear {!r}
Potions
 c - a potion of heal wounds {!q}
 f - 7 potions of flight {!q}
 p - 5 potions of agility {!q}
 q - 3 potions of ambrosia {!q}
 s - 3 potions of magic {!q}
 t - a potion of invisibility {!q}
 z - 3 potions of lignification {!q}
 A - 10 potions of curing {!q}
 E - 3 potions of resistance {!q}
 I - 3 potions of mutation {!q}
 L - 3 potions of might {!q}
 U - 2 potions of berserk rage {!q}
Books
 u - a manual of Armour
Comestibles
 d - 32 rations


   Skills:
 * Level 14.1 Fighting
 + Level 14.1 Dodging
 - Level 2.4 Stealth
 * Level 14.1 Shields
 - Level 12.5 Spellcasting
 - Level 13.5 Conjurations
 - Level 10.0 Hexes
 - Level 1.1 Summonings
 - Level 1.1 Translocations
 - Level 13.5 Fire Magic
 - Level 13.5 Ice Magic
 - Level 8.5 Invocations


You had 3 spell levels left.
You knew the following spells:

 Your Spells              Type           Power        Failure   Level  Hunger
a - Bolt of Fire          Conj/Fire      #########.   1%          6    ##.....
b - Call Imp              Summ           ######..     1%          2    None
c - Summon Butterflies    Summ           ######..     1%          1    None
d - Bolt of Cold          Conj/Ice       ########..   1%          6    ##.....
e - Lee's Rapid Deconstr  Erth           ######....   4%          5    None
g - Invisibility          Hex            #######.     1%          6    ##.....
h - Deflect Missiles      Chrm/Air       ######....   22%         6    ##.....
v - Blink                 Tloc           N/A          1%          2    None
w - Orb of Destruction    Conj           ########..   1%          7    ####...


Dungeon Overview and Level Annotations

Branches:
Dungeon (15/15)            Temple (1/1) D:7            Lair (6/6) D:10
 Shoals (0/4) Lair:4       Spider (0/4) Lair:3        Slime (5/5) Lair:5
    Orc (2/2) D:12            Elf (3/3) Orc:2        Vaults (0/5) D:13
 Depths (0/5) D:15

Altars:
Ashenzari
Cheibriados
Dithmenos
Fedhas
Gozag
Hepliaklqana
Kikubaaqudgha
Sif Muna
Trog
Xom
Beogh
Jiyva

Shops:
D:7 ((!=   D:9 (   Orc:1 (*   Orc:2 :[}*(   Elf:1 [[}(

Portals:
Bazaar: Elf:1

Annotations:
Slime:5 Royal Jelly


Innate Abilities, Weirdness & Mutations

Scrolls take you a little longer to read.
You possess an exceptional clarity of mind.
You are somewhat resistant to further mutation.
Your muscles are strong. (Str +2)
Your movements are slightly less encumbered by armour. (ER -2)


Message History

The Royal Jelly is severely wounded.
The Royal Jelly shudders violently.
The Royal Jelly spits out four more jellies.
The acid blob hits your butterfly!!
Your butterfly dies!
Unknown command.
Casting: Bolt of Fire (safe; 1% risk of failure)
Confirm with . or Enter, or press ? or * to list all spells.
Aiming: Bolt of Fire (safe; 1% risk of failure)
Press: ? - help, Shift-Dir - straight line, f - Royal Jelly
Aim: the Royal Jelly (severely wounded)
You feel a strong surge of power!
The bolt of fire misses the death ooze.
The bolt of fire hits the death ooze.
The death ooze is almost destroyed.
The bolt of fire hits the Royal Jelly.
The Royal Jelly is almost dead.
The Royal Jelly shudders alarmingly.
The Royal Jelly spits out six more jellies.
The death ooze hits you!!
* * * LOW HITPOINT WARNING * * *
You feel your flesh rotting away! The death ooze barely misses you.
Really quaff
c - 3 potions of heal wounds {!q}?
You feel much better.
You feel less invigorated.
Your extra speed is starting to run out.
You feel yourself slow down.
The acid blob quivers.
The death ooze completely misses you. The death ooze hits you!!
* * * LOW HITPOINT WARNING * * *
Casting: Bolt of Fire (safe; 1% risk of failure)
Confirm with . or Enter, or press ? or * to list all spells.
Okay, then.
Really quaff
V - a potion of brilliance {!q}?
You feel clever all of a sudden.
The acid blob quivers.
You block the death ooze's attack. x2
Casting: Bolt of Fire (safe; 1% risk of failure)
Confirm with . or Enter, or press ? or * to list all spells.
Okay, then.
Casting: Bolt of Fire (safe; 1% risk of failure)
Confirm with . or Enter, or press ? or * to list all spells.
Aiming: Lee's Rapid Deconstruction (safe; 4% risk of failure)
Press: ? - help, Dir - move target cursor, p - Royal Jelly You miscast Lee's Rapid Deconstruction.
Sif Muna protects you from the effects of your miscast!
The death ooze misses you. You block the death ooze's attack.
Casting: Lee's Rapid Deconstruction (safe; 4% risk of failure)
Confirm with . or Enter, or press ? or * to list all spells.
Aiming: Lee's Rapid Deconstruction (safe; 4% risk of failure)
Press: ? - help, Dir - move target cursor The wall shatters!
The blast of rock fragments hits the Royal Jelly.
The Royal Jelly is almost dead.
The blast of rock fragments hits the acid blob.
The acid blob is moderately wounded.
The death ooze completely misses you. The death ooze hits you!!
* * * LOW HITPOINT WARNING * * *
Really quaff
c - 2 potions of heal wounds {!q}?
You feel much better. The azure jelly hits you.
* * * LOW HITPOINT WARNING * * *
The azure jelly freezes you! You resist.
* * * LOW HITPOINT WARNING * * *
You block the azure jelly's attack. The azure jelly completely misses you.
The azure jelly closely misses you. The acid blob hits you!!!
You die...

........ ##[$#:##.#)#$(####......
.......#########..########.......
.......##...#......JJ#...#.......
..........#...#.._J#J..#.........
........########JJ########.......
........ ##[!#"##J#)#?(###.......
.......# #(!=$##JJ##$)($###J.....
.......###[|$"?#J##|:?}(##.......
........###$)%##@.##$)%###.......
..........##??(##J#$[)##.........
..........###!##..##%##.J........
...........#####.######..........
..............#.....J#...........
.................................
.................................
.................................
.................................


You could see the Royal Jelly, 5 acid blobs, 3 azure jellies and 2 death oozes.

Vanquished Creatures
  The ghost of Nico3ck the Severer, a veteran DsBe of Makhleb (Elf:2)
  Rupert (Lair:4)
  2 deep elf blademasters
  A deep elf master archer (Elf:3)
  A sphinx (D:13)
  2 tentacled starspawn (Abyss:3)
  20 acid blobs
  A fire giant (D:15)
  16 azure jellies
  8 deep elf sorcerers (Elf:3)
  9 deep elf elementalists
  An orc warlord (Orc:2)
  A stone giant (Orc:2)
  5 deep elf demonologists
  Nessos (D:15)
  Azrael (D:15)
  9 deep elf annihilators (Elf:3)
  Snorg (D:10)
  An orange crystal statue (WizLab)
  2 deep elf death magi (Elf:3)
  4 crystal guardians (Elf:3)
  A death ooze (Slime:3)
  6 deep elf high priests
  A fire dragon (Lair:6)
  Josephine (D:10)
  6 great orbs of eyes
  8 hydras
  Fannar (D:12)
  Harold (D:12)
  Erolcha (D:12)
  2 centaur warriors
  Erica (D:8)
  A death knight (D:13)
  24 dancing weapons
  A tengu warrior (D:14)
  An ogre mage (D:15)
  14 two-headed ogres
  4 orc high priests (Orc:2)
  Sonja (Lair:1)
  7 death yaks
  Nergalle (D:11)
  23 deep elf knights
  A flayed ghost (D:13)
  4 wizards
  A glowing orange brain (Slime:3)
  A swamp dragon (Lair:6)
  4 orc knights
  A wolf spider zombie (D:13)
  46 deep elf magi
  19 deep elf archers
  2 lindwurms (Lair:6)
  8 ugly things
  8 shining eyes
  An orc sorcerer (Orc:1)
  2 manticores
  A worldbinder (Abyss:3)
  3 cyclopes
  24 elephants
  3 large abominations (Abyss:3)
  A centaur zombie (D:14)
  A titan simulacrum (Abyss:3)
  Psyche (D:10)
  Joseph (D:8)
  2 torpor snails (Lair:6)
  4 black mambas
  2 gargoyles
  4 centaur skeletons
  2 eyes of devastation
  A dire elephant skeleton (Abyss:3)
  12 komodo dragons
  2 kobold demonologists
  8 spiny frogs
  2 efreet
  7 rime drakes
  2 tengu conjurers
  2 polar bears
  A queen bee (D:13)
  3 meliai (D:13)
  10 trolls
  Prince Ribbit (D:8)
  81 slime creatures
  22 blink frogs
  5 hippogriffs
  2 dream sheep (Lair:6)
  3 redbacks (Lair:3)
  4 air elementals
  3 wyverns
  A small abomination (Abyss:3)
  Eustachio (D:4)
  54 yaks
  11 golden eyes
  2 water elementals
  6 wraiths
  2 vampires
  9 basilisks
  2 hogs (D:12)
  17 humans
  Grum (D:8)
  7 fire elementals
  2 hungry ghosts
  5 vampire mosquitoes
  2 wargs (Orc:2)
  7 water moccasins
  An acid dragon (Lair:6)
  A soldier ant (shapeshifter) (Elf:1)
  2 hell hounds
  7 porcupines
  7 eyes of draining
  32 orc warriors
  3 swamp drakes (Lair:6)
  2 black bears
  4 ice beasts
  6 sky beasts
  5 wolves
  3 phantoms
  A boggart (D:13)
  16 ogres
  5 centaurs
  9 crocodiles
  A big kobold (shapeshifter) (Elf:2)
  15 bullfrogs
  An earth elemental (Elf:2)
  A scorpion (Lair:3)
  37 killer bees
  13 wights
  3 howler monkeys
  6 electric eels
  7 crimson imps
  A bullfrog zombie (D:7)
  8 hounds
  2 quasits
  2 jellies
  14 orc priests
  29 orc wizards
  3 bullfrog skeletons
  12 iguanas
  10 worker ants
  A hound zombie (D:8)
  A gnoll (D:3)
  11 adders
  3 shadow imps
  An ooze (D:6)
  An adder skeleton (D:7)
  3 worms
  5 dart slugs
  5 leopard geckos
  63 orcs
  9 bats
  5 giant cockroaches
  10 goblins
  13 hobgoblins
  14 jackals
  4 quokkas
  A ball python (D:4)
  2 frilled lizards
  6 kobolds
  An orc zombie (Abyss:3)
  2 quokka skeletons (D:4)
  7 rats
  A butterfly (Lair:1)
  3 fungi
  2 plants (Lair:6)
1084 creatures vanquished.

Vanquished Creatures (collateral kills)
  Terence (D:2)
  Ijyb (D:3)
  A worker ant (D:3)
  2 gnolls (D:3)
  A hobgoblin (D:2)
  A jackal (D:2)
  A kobold (D:3)
  A quokka skeleton (D:4)
  A rat (D:2)
10 creatures vanquished.

Vanquished Creatures (others)
  An ugly thing (D:15)
  16 fungi
  4 plants (Lair:6)
  5 starspawn tentacles (Abyss:3)
26 creatures vanquished.

Grand Total: 1120 creatures vanquished

Notes
Turn   | Place    | Note
-------+----------+-------------------------------------------
     0 | D:1      | Amnesiac the Deep Elf Wizard began the quest for the Orb.
     0 | D:1      | Reached XP level 1. HP: 10/10 MP: 7/7
   202 | D:1      | Reached skill level 1 in Fighting
   202 | D:1      | Reached XP level 2. HP: 16/16 MP: 6/9
   774 | D:1      | Reached XP level 3. HP: 19/21 MP: 4/11
   778 | D:1      | Learned a level 2 spell: Blink
   781 | D:1      | Learned a level 2 spell: Call Imp
   785 | D:1      | Learned a level 3 spell: Conjure Flame
   789 | D:1      | Learned a level 3 spell: Mephitic Cloud
  1253 | D:2      | Noticed Terence
  1466 | D:3      | Noticed Ijyb
  1595 | D:3      | Reached XP level 4. HP: 17/27 MP: 2/12
  1892 | D:3      | Killed Ijyb
  2407 | D:2      | Killed Terence
  2407 | D:2      | Reached XP level 5. HP: 23/32 MP: 1/13
  4157 | D:4      | Reached XP level 6. HP: 37/37 MP: 2/14
  4311 | D:4      | Noticed Eustachio
  4433 | D:4      | Killed Eustachio
  5193 | D:4      | Reached XP level 7. HP: 44/44 MP: 9/15
  5437 | D:5      | Entered Level 5 of the Dungeon
  5847 | D:5      | Reached skill level 5 in Fighting
  5939 | D:5      | Reached skill level 5 in Dodging
  6643 | D:6      | Reached XP level 8. HP: 51/51 MP: 11/16
  7066 | D:6      | Learned a level 3 spell: Dazzling Spray
  7259 | D:6      | Reached skill level 1 in Hexes
  7607 | D:7      | Found Galehuat's Weapon Boutique.
  7765 | D:7      | Reached skill level 5 in Hexes
  7869 | D:7      | Got an encrusted spear
  7893 | D:7      | Identified the +11 spear of Uziaq {pierce, rC+ MR+ Stlth-} (You found it on level 7 of the Dungeon)
  7991 | D:7      | Reached skill level 5 in Spellcasting
  8099 | D:7      | Reached XP level 9. HP: 56/56 MP: 7/18
  8171 | D:7      | Found Wyxkilut's Jewellery Emporium.
  8277 | D:7      | Found a hazy altar of Hepliaklqana.
  8332 | D:7      | Found Cud Yjah's Antique Weapon Emporium.
  8377 | D:7      | Found Ysigoxif's Distillery.
  8426 | D:7      | Found a staircase to the Ecumenical Temple.
  8726 | Temple   | Entered the Ecumenical Temple
  8774 | Temple   | Became a worshipper of Sif Muna the Loreminder
  8882 | D:8      | Noticed Joseph
  8901 | D:8      | Killed Joseph
  8901 | D:8      | Reached skill level 5 in Conjurations
  9297 | D:8      | Noticed Erica
  9310 | D:8      | Killed Erica
  9334 | D:8      | Noticed a troll
  9383 | D:8      | Killed a troll
  9484 | D:8      | Reached XP level 10. HP: 54/65 MP: 9/19
  9531 | D:8      | Noticed Grum
  9595 | D:8      | Killed Grum
  9926 | D:8      | Learned a level 1 spell: Summon Butterflies
 10794 | D:8      | Noticed Prince Ribbit
 10803 | D:8      | Killed Prince Ribbit
 11302 | D:9      | Found Nearghesk's Weapon Boutique.
 11468 | D:9      | Reached * piety under Sif Muna
 11523 | D:9      | Learned a level 3 spell: Confuse
 12227 | D:10     | Entered Level 10 of the Dungeon
 12504 | D:10     | Noticed Snorg
 12993 | D:10     | Found a staircase to the Lair.
 13055 | D:10     | Noticed Josephine
 13114 | D:10     | Noticed Psyche
 13326 | D:10     | Reached ** piety under Sif Muna
 13755 | D:10     | Killed Josephine
 13755 | D:10     | Reached XP level 11. HP: 57/71 MP: 16/24
 13807 | D:10     | Killed Psyche
 14299 | D:10     | Reached skill level 10 in Conjurations
 14726 | D:10     | Killed Snorg
 14726 | D:10     | Reached *** piety under Sif Muna
 14726 | D:10     | Reached skill level 10 in Spellcasting
 14734 | D:10     | Learned a level 6 spell: Invisibility
 14745 | Lair:1   | Entered Level 1 of the Lair of Beasts
 15025 | Lair:1   | Reached skill level 1 in Fire Magic
 15284 | Lair:1   | Noticed Sonja
 15293 | Lair:1   | Killed Sonja
 15601 | Lair:1   | Learned a level 6 spell: Bolt of Fire
 15712 | Lair:1   | Reached **** piety under Sif Muna
 15712 | Lair:1   | Reached skill level 5 in Fire Magic
 15836 | Lair:1   | Noticed an eight-headed hydra
 16382 | Lair:1   | Killed an eight-headed hydra
 16731 | Lair:2   | Reached XP level 12. HP: 76/76 MP: 13/28
 17740 | Lair:3   | Noticed a four-headed hydra
 17741 | Lair:3   | Reached ***** piety under Sif Muna
 17741 | Lair:3   | Reached skill level 10 in Hexes
 17743 | Lair:3   | Killed a four-headed hydra
 17743 | Lair:3   | Identified Sif Muna's Grimoire of Blistering Execration (Sif Muna gifted it to you on level 3 of the Lair of Beasts)
 17743 | Lair:3   | Received a gift from Sif Muna
 18098 | Lair:3   | Noticed a five-headed hydra
 18352 | Lair:3   | Reached skill level 10 in Fire Magic
 18434 | Lair:3   | Found a hole to the Spider Nest.
 19044 | Lair:4   | Reached skill level 1 in Invocations
 19101 | Lair:4   | Killed a five-headed hydra
 19296 | Lair:4   | Found a staircase to the Shoals.
 19312 | Lair:4   | Noticed Rupert
 19480 | Lair:4   | Killed Rupert
 19806 | Lair:4   | Reached XP level 13. HP: 80/80 MP: 16/29
 20668 | Lair:5   | Found a runed door.
 20670 | Lair:5   | Found a viscous altar of Jiyva.
 20724 | Lair:5   | Noticed an azure jelly
 20724 | Lair:5   | Noticed an azure jelly
 20730 | Lair:5   | Found a staircase to the Slime Pits.
 20730 | Lair:5   | Noticed an azure jelly
 20852 | Lair:5   | Identified Sif Muna's Catalogue of Glamour and Confrontation (Sif Muna gifted it to you on level 5 of the Lair of Beasts)
 20852 | Lair:5   | Received a gift from Sif Muna
 21097 | Lair:5   | Reached skill level 10 in Dodging
 21425 | Lair:6   | Entered Level 6 of the Lair of Beasts
 21955 | Lair:6   | Reached skill level 5 in Invocations
 22716 | Lair:6   | Reached XP level 14. HP: 86/86 MP: 27/31
 22936 | Lair:6   | Identified Sif Muna's Papyrus of Battle Magic (Sif Muna gifted it to you on level 6 of the Lair of Beasts)
 22936 | Lair:6   | Received a gift from Sif Muna
 23446 | Lair:6   | Learned a level 6 spell: Bolt of Cold
 23640 | Lair:6   | Reached skill level 1 in Ice Magic
 24530 | D:11     | Noticed Nergalle
 24592 | D:11     | Killed Nergalle
 24936 | D:11     | Reached skill level 5 in Ice Magic
 25110 | D:11     | Reached skill level 1 in Shields
 25346 | D:12     | Noticed Harold
 25437 | D:12     | Killed Harold
 25566 | D:12     | Found a staircase to the Orcish Mines.
 25601 | D:12     | Noticed Fannar
 25602 | D:12     | Killed Fannar
 25799 | D:12     | Noticed Erolcha
 25801 | D:12     | Killed Erolcha
 26025 | D:12     | Found a roughly hewn altar of Beogh.
 26241 | Orc:1    | Entered Level 1 of the Orcish Mines
 26469 | Orc:1    | Found Tlifya's Tempting Trifles.
 26556 | Orc:1    | Found Siuwk's Weapon Emporium.
 26671 | Orc:2    | Entered Level 2 of the Orcish Mines
 26723 | Orc:2    | Found Heexoeck's Antique Armour Shop.
 26734 | Orc:2    | Identified Idycsel's Almanac of Bewitchment and Earth (Sif Muna gifted it to you on level 2 of the Orcish Mines)
 26734 | Orc:2    | Received a gift from Sif Muna
 26978 | Orc:2    | Found Vodul's Gadget Emporium.
 27010 | Orc:2    | Noticed an orc warlord
 27012 | Orc:2    | Killed an orc warlord
 27105 | Orc:2    | Found Jirph's General Store.
 27107 | Orc:2    | Found a staircase to the Elven Halls.
 27138 | Orc:2    | Found Zezyo's Book Boutique.
 27409 | Orc:2    | Noticed a stone giant
 27760 | Orc:2    | Killed a stone giant
 27760 | Orc:2    | Reached skill level 10 in Fighting
 27891 | Orc:2    | Found Ikimaejy's Antique Weapon Shop.
 28010 | Orc:2    | Reached XP level 15. HP: 92/92 MP: 8/33
 28545 | Orc:2    | Bought a shiny helmet for 157 gold pieces
 28609 | D:13     | Found a gate to the Vaults.
 29728 | D:13     | Noticed a sphinx
 29746 | D:13     | Killed a sphinx
 30798 | D:13     | Reached skill level 10 in Ice Magic
 30970 | D:13     | Identified Sif Muna's Volume of Summoning and the Compass (Sif Muna gifted it to you on level 13 of the Dungeon)
 30970 | D:13     | Received a gift from Sif Muna
 30975 | D:13     | Got a steaming scale mail
 31070 | D:13     | Identified the cursed +1 scale mail "Libul" {Dex+3} (You found it on level 13 of the Dungeon)
 31795 | D:14     | Found the +12 glaive of Prune {chop}
 32301 | D:15     | Entered Level 15 of the Dungeon
 32834 | D:15     | Noticed Azrael
 32835 | D:15     | Noticed Nessos
 33278 | D:15     | Killed Nessos
 33324 | D:15     | Reached XP level 16. HP: 52/97 MP: 0/34
 33393 | D:15     | Identified Sif Muna's Disquisition on Battle Magic (Sif Muna gifted it to you on level 15 of the Dungeon)
 33393 | D:15     | Received a gift from Sif Muna
 33478 | D:15     | Killed Azrael
 33701 | D:15     | Found a staircase to the Depths.
 33998 | Elf:1    | Entered Level 1 of the Elven Halls
 34000 | Elf:1    | Found a gateway to a bazaar.
 34037 | Elf:1    | Found Heyziuts's Armour Shop.
 34041 | Elf:1    | Bought a +0 pair of boots for 54 gold pieces
 34046 | Elf:1    | Bought a +2 robe of resistance for 452 gold pieces
 34046 | Elf:1    | Bought a +1 pair of gloves of dexterity for 198 gold pieces
 34769 | Elf:1    | Found Qoeru's Weapon Shop.
 34854 | Elf:1    | Found Zases's Gadget Shop.
 34951 | Elf:1    | Found Maosiqeo's Antique Armour Shoppe.
 34976 | Elf:1    | Reached skill level 5 in Shields
 35897 | Elf:1    | Learned a level 7 spell: Orb of Destruction
 37055 | Elf:2    | Reached XP level 17. HP: 102/102 MP: 28/35
 37196 | Elf:2    | Reached skill level 10 in Shields
 37270 | Elf:1    | Bought a +2 shield of resistance for 498 gold pieces
 37335 | Elf:2    | Found a runed gate.
 37335 | Elf:2    | Found a runed gate.
 37336 | Elf:2    | Found a runed gate.
 37609 | Elf:2    | Noticed Nico3ck's ghost (veteran DsBe)
 37628 | Elf:2    | Noticed a deep elf blademaster
 37654 | Elf:2    | Killed a deep elf blademaster
 37692 | Elf:2    | Killed Nico3ck's ghost
 38332 | Elf:3    | Entered Level 3 of the Elven Halls
 38551 | Elf:3    | Found a magical portal.
 38563 | WizLab   | Entered Wucad Mu's Monastery
 38626 | WizLab   | Found the +9 staff of Wucad Mu {channel}
 39957 | Elf:3    | Got a twitching copper ring
 39977 | Elf:3    | Noticed a deep elf blademaster
 40167 | Elf:3    | Identified Sif Muna's Papyrus of Battle Magic (Sif Muna gifted it to you on level 3 of the Elven Halls)
 40167 | Elf:3    | Received a gift from Sif Muna
 40285 | Elf:3    | Killed a deep elf blademaster
 40711 | Elf:3    | Cast into level 3 of the Abyss (a deep elf sorcerer)
 40976 | Elf:3    | Escaped the Abyss
 40980 | Elf:3    | Reached XP level 18. HP: 101/111 MP: 15/36
 40986 | Elf:3    | Got a ring of the Octopus King
 41164 | Elf:3    | Learned a level 6 spell: Deflect Missiles
 41693 | Elf:3    | Got a twisted trident {flame}
 41736 | Elf:3    | Got a fine morningstar {flame}
 41746 | Elf:3    | Identified the ring of Idealism {Int+3 Stlth+} (You took it off a deep elf annihilator on level 3 of the Elven Halls)
 41749 | Elf:3    | Identified a ring of the Octopus King {rF+ AC+1 EV+1 Str+1 Int+1 Dex+1} (You took it off a deep elf annihilator on level 3 of the Elven Halls)
 41895 | Elf:3    | Got a bound copper amulet
 41899 | Elf:3    | Identified the amulet "Zudwiwil" {Inacc +Blink rElec} (You found it on level 3 of the Elven Halls)
 42288 | Lair:5   | Learned a level 5 spell: Lee's Rapid Deconstruction
 42433 | Slime:1  | Entered Level 1 of the Pits of Slime
 44775 | Slime:1  | Gained mutation: Scrolls take you a little longer to read. [a shining eye]
 44776 | Slime:1  | Gained mutation: Scrolls take you longer to read. [a shining eye]
 45467 | Slime:4  | Reached XP level 19. HP: 99/119 MP: 0/37
 45753 | Slime:3  | Gained mutation: You are occasionally teleported next to monsters. [a shining eye]
 45894 | Slime:4  | Reached XP level 20. HP: 125/125 MP: 31/38
 45895 | Slime:4  | Lost mutation: You are occasionally teleported next to monsters. [potion of mutation]
 45895 | Slime:4  | Lost mutation: Scrolls take you longer to read. [potion of mutation]
 45895 | Slime:4  | Gained mutation: You possess an exceptional clarity of mind. [potion of mutation]
 45895 | Slime:4  | Gained mutation: Your muscles are strong. (Str +2) [potion of mutation]
 45895 | Slime:4  | Gained mutation: Your movements are slightly less encumbered by armour. (ER -2) [potion of mutation]
 45895 | Slime:4  | Gained mutation: You are somewhat resistant to further mutation. [potion of mutation]
 47223 | Slime:5  | Entered Level 5 of the Pits of Slime
 47829 | Slime:5  | Noticed the Royal Jelly
 47873 | Slime:5  | Found a viscous altar of Jiyva.
 48541 | Slime:5  | HP: 2/127 [death ooze[the Royal Jelly] (28)]
 48542 | Slime:5  | Annihilated by an acid blob

Vault maps used:
D:1:      erik_arrival_cave_to_civilisation
D:2:      first_ration, uniq_terence
D:3:      minivault_27, uniq_ijyb
D:4:      uniq_eustachio
D:6:      serial_bayou_crossing
D:7:      lemuel_crystal_altar, temple_doors_cd, serial_shops, shop,
          kennysheep_mini_moat, shop, nicolae_shop_waterfront
D:8:      uniq_grum, uniq_joseph, uniq_erica, uniq_prince_ribbit1
D:9:      serial_shops, kennysheep_mini
D:10:     erik_lair_island, uniq_snorg, uniq_psyche, uniq_josephine
D:11:     uniq_nergalle
D:12:     minmay_orc_entry_temple_small, grunt_livestock, minivault_25,
          uniq_harold, uniq_fannar, uniq_erolcha
D:13:     regret_index_combs_of_tragedy, david_vaults_3
D:14:     minmay_guarded_unrand_prune
D:15:     grunt_enter_depths_giant_problem, minmay_misc_feat_nine_boxes,
          st_stairs_8, uniq_nessos, uniq_azrael
Temple:   minmay_crystal_snake_temple
Lair:1:   beast_lair_carwin_large_4, ldierk_geyser, lemuel_fruit_fields,
          uniq_sonja
Lair:2:   grunt_megastairs_3, lemuel_fruit_fields
Lair:3:   spider_nest_entry_webs, minmay_holes
Lair:4:   elwin_shoals_entry_rocks, gammafunk_lair_bear_cave, uniq_rupert
Lair:5:   beast_lair_carwin_large_3, slime_altar_2,
          nicolae_quartered_pool_medium, nicolae_lair_grove_arrangements
Lair:6:   hangedman_lair_in_review, guppyfry_lair_end_dragon
Slime:2:  nicolae_slime_barrier, nicolae_slime_round_cave
Orc:1:    serial_shops, nicolae_shop_crystal, nicolae_orc_pool_cavern,
          nicolae_alphabet_shops
Orc:2:    grunt_orc_gardens, grunt_orc_garden, grunt_orc_garden,
          grunt_orc_garden, grunt_orc_garden, serial_shops, shop
Elf:1:    serial_shops, bzr_entry_customers, shop, shop_fountains, shop,
          nicolae_shop_crystal, hangedman_corner_corridor
Elf:2:    minivault_27
Elf:3:    minmay_elf_hall_golems, infiniplex_enter_wizlab_glasses
Abyss:3:  hangedman_abyss_rune_flesh_and_stone, evilmike_abyss_exit_plants,
          evilmike_abyss_exit_smiterflies
WizLab:   wizlab_wucad

Skill      XL: |  1  2  3  4  5  6  7  8  9 10 11 12 13 14 15 16 17 18 19 20 |
---------------+-------------------------------------------------------------+-----
Fighting       | 1 2 3 4 5 6 8 9 10 11 13 14 | 14.1
Conjurations   | 2 3 4 5 9 10 12 13 | 13.5
Dodging        | 3 4 5 6 9 10 11 13 14 | 14.1
Hexes          | 5 7 9 10 | 10.0
Spellcasting   | 5 7 10 11 12 | 12.5
Fire Magic     | 6 10 12 13 | 13.5
Invocations    | 2 5 8 |  8.5
Ice Magic      | 5 13 | 13.5
Shields        | 4 9 11 13 14 | 14.1
Stealth        | |  2.4
Summonings     | |  1.1
Translocations | |  1.1

Action                   |  1- 3 |  4- 6 |  7- 9 | 10-12 | 13-15 | 16-18 | 19-21 || total
-------------------------+-------+-------+-------+-------+-------+-------+-------++-------
Melee: Unarmed           |    13 |    11 |       |       |       |       |       ||    24
       Trident           |       |     7 |       |       |       |       |       ||     7
       Falchion          |       |       |    39 |       |       |       |       ||    39
       Spear             |       |       |     1 |       |       |       |       ||     1
       Scimitar          |       |       |     3 |    98 |     9 |       |       ||   110
       Staff             |       |       |       |       |    17 |     5 |       ||    22
 Cast: Magic Dart        |    87 |   173 |   209 |   123 |     1 |       |       ||   593
       Call Imp          |     3 |    13 |     2 |     1 |       |       |       ||    19
       Mephitic Cloud    |     3 |     5 |     5 |     7 |       |       |       ||    20
       Conjure Flame     |     1 |     2 |    31 |    28 |       |       |       ||    62
       Blink             |       |     1 |     2 |     1 |     3 |     4 |     2 ||    13
       Dazzling Spray    |       |       |    16 |   219 |    33 |       |       ||   268
       Confuse           |       |       |       |    51 |     4 |       |       ||    55
       Bolt of Fire      |       |       |       |    55 |   466 |   327 |   123 ||   971
       Summon Butterflie |       |       |       |     1 |       |       |     3 ||     4
       Bolt of Cold      |       |       |       |       |    13 |    13 |       ||    26
       Invisibility      |       |       |       |       |     3 |       |       ||     3
       Orb of Destructio |       |       |       |       |       |    66 |       ||    66
       Lee's Rapid Decon |       |       |       |       |       |     1 |     1 ||     2
Invok: Divine Energy     |       |       |       |     1 |       |       |       ||     1
       Channel Magic     |       |       |       |       |       |    11 |     6 ||    17
       Forget Spell      |       |       |       |       |       |     2 |       ||     2
Evoke: Wand              |       |       |       |     1 |       |     1 |       ||     2
  Use: Scroll            |     1 |    12 |     4 |     8 |    11 |     9 |     1 ||    46
       Potion            |     1 |     1 |       |     1 |     1 |     3 |     8 ||    15
 Stab: Confused          |       |       |     2 |     8 |       |       |       ||    10
       Invisible         |       |       |       |     3 |     1 |       |       ||     4
  Eat: Chunk             |     2 |    11 |    11 |    48 |   112 |    46 |       ||   230
       Ration            |       |       |     1 |       |     6 |    16 |     7 ||    30
Armor: Robe              |     8 |    10 |    20 |    17 |    16 |    10 |     3 ||    84
       Skin              |       |       |       |     1 |       |       |       ||     1
Dodge: Dodged            |    36 |    44 |    62 |   134 |   145 |    69 |    47 ||   537
Block: Buckler           |       |       |       |       |    27 |    13 |       ||    40
       Reflection        |       |       |       |       |     2 |    11 |     2 ||    15
       Shield            |       |       |       |       |       |    38 |    28 ||    66
       Rpst.: Falchion   |       |     1 |    17 |       |       |       |       ||    18
       Scimitar          |       |       |     2 |    35 |     5 |       |       ||    42

Table legend:
 A = Spawn XP
 B = Non-spawn XP
 C = Spawn XP percentage of total XP
 D = Spawn monster count
 E = Non-spawn monster count
 F = Spawn count percentage of total count
 G = Total turns spent on level
                    A         B        C        D         E        F      G
               +---------+---------+-------+---------+---------+-------+---------
         Total |    4516 |  430620 |   1.0 |       8 |    1079 |   0.7 | 48542
               +---------+---------+-------+---------+---------+-------+---------
           D:1 |       0 |      49 |   0.0 |       0 |      28 |   0.0 |  1217
           D:2 |       0 |      85 |   0.0 |       0 |      26 |   0.0 |  1162
           D:3 |       0 |     208 |   0.0 |       0 |      28 |   0.0 |  1708
           D:4 |       0 |     416 |   0.0 |       0 |      20 |   0.0 |  1350
           D:5 |       0 |     314 |   0.0 |       0 |      14 |   0.0 |  1051
           D:6 |       0 |     733 |   0.0 |       0 |      13 |   0.0 |   999
           D:7 |       0 |    1341 |   0.0 |       0 |      21 |   0.0 |  1281
           D:8 |       0 |    3697 |   0.0 |       0 |      44 |   0.0 |  2186
           D:9 |       0 |    1187 |   0.0 |       0 |      17 |   0.0 |  1337
          D:10 |       0 |    7500 |   0.0 |       0 |      38 |   0.0 |  2401
          D:11 |       0 |    4145 |   0.0 |       0 |      22 |   0.0 |   899
          D:12 |       0 |    8655 |   0.0 |       0 |      43 |   0.0 |  1344
          D:13 |       0 |   21600 |   0.0 |       0 |      90 |   0.0 |  2444
          D:14 |       0 |   12140 |   0.0 |       0 |      33 |   0.0 |  1368
          D:15 |       0 |   22296 |   0.0 |       0 |      43 |   0.0 |  1295
        Lair:1 |       0 |    5573 |   0.0 |       0 |      25 |   0.0 |  1847
        Lair:2 |       0 |    4646 |   0.0 |       0 |      19 |   0.0 |  1204
        Lair:3 |       0 |    4944 |   0.0 |       0 |      19 |   0.0 |  1347
        Lair:4 |       0 |    9806 |   0.0 |       0 |      27 |   0.0 |  1459
        Lair:5 |       0 |   15190 |   0.0 |       0 |      21 |   0.0 |  1301
        Lair:6 |       0 |   25078 |   0.0 |       0 |      69 |   0.0 |  2770
       Slime:1 |       0 |   14143 |   0.0 |       0 |      17 |   0.0 |   816
       Slime:2 |       0 |   23327 |   0.0 |       0 |      28 |   0.0 |  1555
       Slime:3 |       0 |   15656 |   0.0 |       0 |      31 |   0.0 |  1004
       Slime:4 |       0 |   23885 |   0.0 |       0 |      36 |   0.0 |  1644
       Slime:5 |       0 |   32837 |   0.0 |       0 |      33 |   0.0 |   949
         Orc:1 |       0 |    2146 |   0.0 |       0 |      30 |   0.0 |   857
         Orc:2 |       0 |   15015 |   0.0 |       0 |      69 |   0.0 |  1558
         Elf:1 |       0 |   27144 |   0.0 |       0 |      43 |   0.0 |  2182
         Elf:2 |       0 |   58999 |   0.0 |       0 |      76 |   0.0 |  2189
         Elf:3 |       0 |   63318 |   0.0 |       0 |      50 |   0.0 |  2978
       Abyss:3 |    4516 |    3353 |  57.4 |       8 |       5 |  61.5 |   265
        WizLab |       0 |    1194 |   0.0 |       0 |       1 |   0.0 |   492
               +---------+---------+-------+---------+---------+-------+---------
